 Dungeon Crawl Stone Soup version 0.18-a0-1626-g65af6d3 (webtiles) character file.

264 namelastname112 the Sneak (level 5, -3/45 HPs)
             Began as a Draconian Wanderer on Mar 24, 2016.
             Was a Follower of Dithmenos.
             Slain by an orc wizard
             ... wielding a +0 dagger
              (4 damage)
             ... on level 4 of the Dungeon.
             The game lasted 00:05:04 (5042 turns).

namelastname112 the Sneak (Draconian Wanderer)      Turns: 5042, Time: 00:05:05

Health: -3/45      AC:  5    Str: 16    XL:     5   Next: 98%
Magic:  5/5        EV: 12    Int:  8    God:    Dithmenos [*.....]
Gold:   218        SH:  0    Dex: 16    Spells: 0 memorised, 4 levels left

rFire  . . .     SeeInvis .     a - +1 hunting sling (freeze)
rCold  . . .     Gourm    .     (armour unavailable)
rNeg   . . .     Faith    .     (no shield)
rPois  .         Spirit   .     (helmet restricted)
rElec  .         Dismiss  .     (no cloak)
rCorr  .         Reflect  .     (no gloves)
SustAt .         Harm     .     (no boots)
MR     .....                    (no amulet)
Stlth  +++.......               (no ring)
                                e - -3 ring of intelligence (curse)

@: mighty, wreathed by umbra, not resistant to hostile enchantments, fairly
stealthy
A: unfitting armour, cold-blooded, AC +5
a: Renounce Religion


You were on level 4 of the Dungeon.
You worshipped Dithmenos.
Dithmenos was aware of your devotion.
You were hungry.

You visited 1 branch of the dungeon, and saw 4 of its levels.

You collected 218 gold pieces.

Inventory:

Hand Weapons
 a - a +1 hunting sling of freezing (weapon)
 b - a +0 dagger
Missiles
 j - 85 stones (quivered)
 n - 21 sling bullets
 w - a throwing net
Jewellery
 e - a cursed -3 ring of intelligence (left hand)
Wands
 h - a wand of enslavement (14/24)
 r - a wand of iceblast (5/15)
Scrolls
 c - 6 scrolls of teleportation
 f - 4 scrolls of identify {unknown}
 g - a scroll of random uselessness {unknown}
 k - a scroll of remove curse {unknown}
 m - 2 scrolls of fear {unknown}
 p - 2 scrolls of fog {unknown}
 s - a scroll of amnesia {unknown}
 u - a scroll of recharging {unknown}
Potions
 i - a potion of degeneration {unknown}
 t - a potion of mutation {unknown}
 v - a potion of cure mutation {unknown}
Comestibles
 d - 2 bread rations
 l - 2 meat rations
 q - a beef jerky


   Skills:
 + Level 3.0 Fighting
 + Level 3.2 Short Blades
   Level 3.0 Staves
 * Level 2.0 Slings
 + Level 1.6 Dodging
 * Level 3.7 Stealth
 - Level 1.1 Evocations


You had 4 spell levels left.
You didn't know any spells.

Dungeon Overview and Level Annotations

Branches:
Dungeon (4/15)
 Temple: D:4-7

Altars:
Ashenzari
Dithmenos
Elyvilon
Fedhas
Qazlal
Ru
Trog
Xom


Innate Abilities, Weirdness & Mutations

Your plain brown scales are hard (AC +5).
Your body does not fit into most forms of armour.
You are cold-blooded and may be slowed by cold attacks.


Message History

Press: ? - help, Shift-Dir - straight line, f/p - worm
Aim: a worm (lightly wounded)
You shoot a stone. The stone hits the worm.
The stone freezes the worm.
The worm is moderately wounded.
Something hits you but does no damage.
You hear some strange, mumbled words.
A puff of flame appears from out of thin air!
The puff of flame hits you!
* * * LOW HITPOINT WARNING * * *
Drink which item? (? for menu, Esc to quit)
It was a potion of might.
You feel very mighty all of a sudden. Something hits you but does no damage.
Firing (i - inventory. (,) - cycle):
j - 86 stones (quivered)
Press: ? - help, Shift-Dir - straight line, f/p - worm
Aim: a worm (lightly wounded)
You shoot a stone. The stone completely misses the worm.
Something hits you.
* * * LOW HITPOINT WARNING * * *
Something hits you.
You die...

###......#.###########
..#.######.########## ....#
#...g......# ....#
##########.# ....# #.......#
...... ...##
#.##....##....... .....#
#####.##....#.........
####.#
#.....##....#........# #.#
#.....##@##.#........# #.#
#.....##{##.#........#
#..#.#
#.....##w##.#.(......#
#..#.#
#.........(((..((....#
#.)#.####........(.##......#
#..#.#.............###'#...#
#..#.#.##....#.#.### #.#.###
#..#.#.##.####.#.# #.#.#
...#.#.##.#
#.#.#####.#'###...


You could see a worm.

Vanquished Creatures
  An orc wizard (D:3)
  An iguana (D:4)
  3 adders
  6 gnolls (D:4)
  An ooze (D:2)
  2 worms (D:2)
  4 dart slugs
  3 giant geckos
  9 orcs
  3 giant cockroaches
  9 goblins
  10 hobgoblins
  13 jackals
  3 quokkas
  7 bats
  2 giant newts
  10 kobolds
  5 rats
92 creatures vanquished.

Vanquished Creatures (collateral kills)
  A rat (D:1)
1 creature vanquished.

Vanquished Creatures (others)
  A jackal (D:1)
1 creature vanquished.

Grand Total: 94 creatures vanquished

Notes
Turn   | Place    | Note
--------------------------------------------------------------
     0 | D:1      | namelastname112 the Draconian Wanderer began the quest for the Orb.
     0 | D:1      | namelastname112 set off with: a wand of enslavement (15/24), 2 scrolls of teleportation, a +0 dagger, a bread ration
     0 | D:1      | Reached XP level 1. HP: 16/16 MP: 1/1
   115 | D:1      | Reached XP level 2. HP: 12/23 MP: 2/2
   284 | D:1      | Found a shimmering altar of Xom.
   403 | D:1      | HP: 1/23 [jackal (1)]
  1258 | D:1      | Reached XP level 3. HP: 14/28 MP: 3/3
  1486 | D:2      | Found a blossoming altar of Fedhas.
  2393 | D:2      | Reached XP level 4. HP: 36/36 MP: 4/4
  2604 | D:2      | Found a shadowy altar of Dithmenos.
  2604 | D:2      | Found a white marble altar of Elyvilon.
  2661 | D:2      | Reached skill level 1 in Slings
  2690 | D:2      | Became a worshipper of Dithmenos the Shadowed
  3215 | D:3      | Reached XP level 5. HP: 17/42 MP: 5/5
  3398 | D:3      | Found a faded altar to an unknown god.
  3553 | D:3      | Reached * piety under Dithmenos
  3567 | D:3      | Found a bloodstained altar of Trog.
  3672 | D:3      | Found a shattered altar of Ashenzari.
  4369 | D:4      | Found a sacrificial altar of Ru.
  4634 | D:3      | Found a stormy altar of Qazlal.
  5040 | D:4      | HP: 1/45 [something/puff of flame (6)]
  5042 | D:4      | Slain by an orc wizard

Vault maps used:
D:1:      minmay_arrival_nine_rooms, serial_co_window_serial,
          co_window_corner_a, co_window_paths_a, co_window_paths_a,
          co_window_paths_a, co_window_of_opportunity_a, co_window_corner_b,
          co_window_unsneaky_path_a, co_window_of_opportunity_c,
          co_window_cross_2, co_window_unsneaky_path_d, co_window_paths_d,
          glass_columns_a, glass_columns_b, glass_columns_a, xom_teletrap_fun
D:2:      gammafunk_temple_overflow_elements, lemuel_crystal_altar, first_bread
D:3:      lemuel_upstairs_altar, bloody_trog, lemuel_coloured_pillars_altar,
          ecumenical_altar_2, minmay_misc_feat_chi, lexackson_kobold_supper
D:4:      nicolae_ru_the_path_less_chosen, serial_shops, shop

Skill      XL: |  1  2  3  4  5 |
---------------+----------------+-----
Stealth        | 2 3 |  3.7
Fighting       | 2 3 |  3.0
Slings         | 1 2 |  2.0
Short Blades   | 3 |  3.2
Staves         | |  3.0
Dodging        | |  1.6
Evocations     | |  1.1

Action                   |  1- 3 |  4- 6 || total
-------------------------+-------+-------++-------
Melee: Dagger            |   172 |       ||   172
 Fire: Hunting sling     |     2 |   191 ||   193
Evoke: Wand              |     1 |       ||     1
  Use: Potion            |       |     1 ||     1
 Stab: Sleeping          |     7 |       ||     7
  Eat: Chunk             |     5 |     7 ||    12
